 Dungeon Crawl Stone Soup version 0.23-a0-641-g0a7f1ce553 (webtiles) character file.

199414 Skallagrim the Eclecticist (level 17, -7/102 HPs)
             Began as a Deep Elf Earth Elementalist on Dec 30, 2018.
             Was the Champion of Vehumet.
             Mangled by a black mamba (19 damage)
             ... on level 3 of the Snake Pit.
             The game lasted 06:50:53 (50938 turns).

Skallagrim the Eclecticist (DEEE)                  Turns: 50938, Time: 06:50:53

Health: -7/102     AC: 16    Str: 14    XL:     17   Next: 84%
Magic:  10/48      EV: 22    Int: 36    God:    Vehumet [******]
Gold:   1669       SH:  8    Dex: 15    Spells: 7/48 levels left

rFire    + + .     SeeInvis +   o - staff of conjuration
rCold    + + .     Gourm    .   y - +3 buckler
rNeg     + . .     Faith    +   G - +5 robe of the Burgomaster {Str+3}
rPois    +         Spirit   .   Q - +0 helmet of the Original Sin {rF+ MP+9 Str+4}
rElec    .         Reflect  .   B - +1 cloak
rCorr    .         Harm     .   C - +2 pair of gloves
MR       +++..                  V - +2 pair of boots of Xasyrell {rC++ rN+ Int+4}
Stlth    ++........             a - amulet of Tuhilot {Faith rPois MR+ Str+2 Int+4 SInv}
HPRegen  0.27/turn              D - ring of protection from fire
MPRegen  0.31/turn              K - ring of protection from magic

@: lethally poisoned (-7 -> -22)
A: no striking features
}: 1/15 runes: decaying
a: Renounce Religion


You were on level 3 of the Snake Pit.
You worshipped Vehumet.
Vehumet was exalted by your worship.
You were not hungry.

You visited 6 branches of the dungeon, and saw 31 of its levels.
You visited the Abyss 1 time.
You also visited: Gauntlet.

You collected 3264 gold pieces.
You spent 1595 gold pieces at shops.

Inventory:

Hand Weapons
 r - a +7 short sword
 L - a +2 flail of holy wrath
Missiles
 b - 96 stones
 f - 167 arrows
 W - 5 steel tomahawks (quivered)
Armour
 y - a +3 buckler (worn)
 B - a +1 cloak (worn)
 C - a +2 pair of gloves (worn)
 E - a +2 robe of resistance
 G - the +5 robe of the Burgomaster (worn) {Str+3}
   (You took it off a crimson imp on level 5 of the Dungeon)

   It affects your strength (+3).
 Q - the +0 helmet of the Original Sin (worn) {rF+ MP+9 Str+4}
   (You found it on level 7 of the Dungeon)

   It affects your strength (+4).
   It protects you from fire.
   It affects your magic capacity (+9).
 V - the +2 pair of boots of Xasyrell (worn) {rC++ rN+ Int+4}
   (You found it on level 6 of the Lair of Beasts)

   It affects your intelligence (+4).
   It greatly protects you from cold.
   It protects you from negative energy.
Magical Staves
 o - an uncursed staff of conjuration (weapon)
Jewellery
 a - the amulet of Tuhilot (around neck) {Faith rPois MR+ Str+2 Int+4 SInv}
   (You bought it in a shop on level 2 of the Orcish Mines)

   [amulet of faith]

   It allows you to gain divine favour quickly.
   It affects your strength (+2).
   It affects your intelligence (+4).
   It protects you from poison.
   It affects your resistance to hostile enchantments.
   It lets you see invisible.
 D - a ring of protection from fire (left hand)
 H - an uncursed ring of see invisible
 I - an uncursed amulet of guardian spirit
 K - a ring of protection from magic (right hand)
 N - an uncursed ring of protection from fire
Wands
 g - a wand of iceblast (7)
 j - a wand of disintegration (14)
 l - a wand of paralysis (5)
 m - a wand of digging (8)
 x - a wand of flame (11)
 A - a wand of polymorph (8)
Scrolls
 e - 13 scrolls of remove curse
 h - 2 scrolls of blinking
 k - 10 scrolls of magic mapping
 t - 2 scrolls of identify
 u - 8 scrolls of amnesia
 v - 13 scrolls of teleportation
 z - 9 scrolls of enchant weapon
 M - 2 scrolls of fear
 P - 4 scrolls of fog
 T - 3 scrolls of enchant armour
Potions
 c - 3 potions of haste
 n - 2 potions of might
 p - 4 potions of lignification
 q - 13 potions of flight
 s - a potion of brilliance
 w - 12 potions of curing
 F - 3 potions of agility
 J - 2 potions of heal wounds
 O - 4 potions of resistance
 R - a potion of invisibility
 S - 2 potions of ambrosia
Miscellaneous
 i - a phantom mirror
Comestibles
 d - 9 rations


   Skills:
 * Level 10.0 Fighting
 + Level 14.0 Dodging
 - Level 2.4 Stealth
 - Level 4.0 Shields
 + Level 16.3 Spellcasting
 + Level 16.0 Conjurations
 - Level 6.0 Hexes
 - Level 9.0 Transmutations
   Level 6.0 Fire Magic
 + Level 8.4 Ice Magic
 + Level 8.5 Air Magic
 + Level 13.3 Earth Magic
 - Level 6.0 Poison Magic


You had 7 spell levels left.
You knew the following spells:

 Your Spells              Type           Power        Failure   Level  Hunger
a - Sandblast             Erth           ######       0%          1    None
b - Stone Arrow           Conj/Erth      ######       0%          3    None
c - Petrify               Tmut/Erth      #######.     1%          4    None
d - Lee's Rapid Deconstr  Erth           #######...   1%          5    None
e - Fulminant Prism       Conj/Hex       ########..   1%          4    None
f - Mephitic Cloud        Conj/Pois/Air  ########     1%          3    None
g - Ozocubu's Refrigerat  Ice            ######....   1%          6    None
h - Freezing Cloud        Conj/Ice/Air   ########..   1%          6    None
i - Olgreb's Toxic Radia  Pois           ######..     1%          4    None
j - Lightning Bolt        Conj/Air       ########..   1%          5    None

Your spell library contained the following spells:

 Spells                   Type           Power        Failure   Level  Hunger
 Conjure Ball Lightning   Conj/Air       ########..   1%          6    None
 Magic Dart               Conj           ####         0%          1    None
 Shock                    Conj/Air       ####         0%          1    None
 Sting                    Conj/Pois      ####         0%          1    None
 Searing Ray              Conj           ######       0%          2    None
 Static Discharge         Conj/Air       ########     0%          3    None
 Iskenderun's Mystic Bla  Conj           ########     0%          4    None
 Animate Skeleton         Necr           N/A          1%          1    None
 Apportation              Tloc           ####..       1%          1    None
 Beastly Appendage        Tmut           ######       1%          1    None
 Confusing Touch          Hex            ######       1%          1    None
 Corona                   Hex            ######.      1%          1    None
 Summon Butterflies       Summ           ####....     1%          1    None
 Summon Small Mammal      Summ           ####         1%          1    None
 Ensorcelled Hibernation  Hex/Ice        ######       1%          2    None
 Passwall                 Tmut/Erth      #######.     1%          2    None
 Sticks to Snakes         Tmut           #######.     1%          2    None
 Swiftness                Chrm/Air       ######..     1%          2    None
 Confuse                  Hex            ######..     1%          3    None
 Dazzling Spray           Conj/Hex       ######       1%          3    None
 Spider Form              Tmut/Pois      ######....   1%          3    None
 Tukima's Dance           Hex            ######..     1%          3    None
 Airstrike                Air            ######....   1%          4    None
 Force Lance              Conj/Tloc      #######.     1%          4    None
 Ice Form                 Ice/Tmut       #######.     1%          4    None
 Alistair's Intoxication  Tmut/Pois      ######..     1%          5    None
 Blade Hands              Tmut           #######...   1%          5    None
 Venom Bolt               Conj/Pois      ########..   1%          5    None
 Bolt of Cold             Conj/Ice       ########..   1%          6    None
 Bolt of Fire             Conj/Fire      ########..   1%          6    None
 Lesser Beckoning         Tloc           ####......   3%          3    None
 Recall                   Summ/Tloc      N/A          3%          3    None
 Summon Mana Viper        Hex/Summ       ######..     10%         5    None
 Invisibility             Hex            ######..     16%         6    None
 Aura of Abjuration       Summ           ####......   32%         5    None
 Summon Demon             Summ           ####......   32%         5    None
 Summon Forest            Summ/Tloc      ####......   32%         5    None
 Shadow Creatures         Summ           N/A          88%         6    None
 Shatter                  Erth           #######...   75%         9    ######.
 Ignition                 Fire           ######....   82%         8    #####..
 Tornado                  Air            ######....   100%        9    ######.


Dungeon Overview and Level Annotations

Branches:
Dungeon (15/15)            Temple (1/1) D:6            Lair (6/6) D:8
  Swamp (4/4) Lair:2        Snake (3/4) Lair:2        Slime (0/5) Lair:5
    Orc (2/2) D:10            Elf (0/3) Orc:2        Vaults (0/5) D:14
 Depths (0/5) D:15

Altars:
Ashenzari
Cheibriados
Dithmenos
Elyvilon
Fedhas
Gozag
Hepliaklqana
Kikubaaqudgha
Nemelex Xobeh
Okawaru
Ru
Sif Muna
Trog
Uskayaw
Vehumet
Wu Jian
Yredelemnul
The Shining One
Beogh
Jiyva

Shops:
D:4 ?   D:7 *   D:10 (   Orc:2 *=(:}

Annotations:
Swamp:3 Plant thing on the loose


Message History

The splash of poison hits you! You resist. You block the black mamba's attack.
The naga mage casts a spell at you. The poison arrow hits you!
You are poisoned.
You partially resist.
You feel sick. You block the black mamba's attack. The black mamba bites you.
* * * LOW HITPOINT WARNING * * *
You feel sick. The black mamba bites you!
* * * LOW HITPOINT WARNING * * *
You are lethally poisoned!
The black mamba poisons you!
* * * LOW HITPOINT WARNING * * *
You feel sick.
* * * LOW HITPOINT WARNING * * *
You feel sick. You block the black mamba's attack.
There is a stone staircase leading up here.
* * * LOW HITPOINT WARNING * * *
You feel sick. You block the black mamba's attack. The black mamba bites you!!
You die...

#.......#
#.......#####
#...........
#.......#..
#......#.# #.....#.##
##..#.....#
#.........#
#..@S.....#
#.........#
#..)#.....#
##..##....# ##
#...)##N.## ##.
#.........# ###..
#........S# #....
#.....##..#######....
#.....##..........#..


You could see 2 black mambas and a naga mage.

Vanquished Creatures
  A bone dragon (Swamp:4)
  Kirke (D:15)
  3 thorn hunters
  Nessos (D:15)
  A minotaur (Gauntlet)
  The ghost of Neqiobe the Geomancer, a journeyman GrEE of Vehumet (Lair:3)
  An ettin (Orc:1)
  Josephine (Orc:1)
  Fannar (Lair:2)
  14 hydras
  Erolcha (D:9)
  A hell beast (Gauntlet)
  3 vault guards (D:14)
  3 shambling mangroves
  2 catoblepae
  4 two-headed ogres
  5 ghost crabs
  3 anacondas
  A deep troll shaman (Lair:6)
  An anaconda (shapeshifter) (D:12)
  6 centaur warriors
  15 alligators
  5 orc high priests (Orc:2)
  7 death yaks
  A tengu warrior (D:12)
  4 shock serpents
  Sonja (Lair:4)
  6 naga sharpshooters
  Nergalle (Lair:2)
  A fire crab (Lair:5)
  2 skeletal warriors (D:15)
  A salamander mystic (Snake:2)
  4 sea snakes (Snake:1)
  4 unseen horrors
  A flayed ghost (D:15)
  3 spectral hydras (Swamp:4)
  3 swamp dragons
  2 spriggan druids (Swamp:4)
  A deep elf archer (D:13)
  2 wizards (D:14)
  A lindwurm (Lair:5)
  A sphinx zombie (D:15)
  3 harpies (D:15)
  12 orc knights
  A wolf spider zombie (D:15)
  3 necromancers
  2 orc sorcerers (Orc:1)
  7 mana vipers
  An oklob plant (Swamp:4)
  2 cyclopes
  7 ugly things
  A tengu skeleton (D:15)
  The ghost of Harunobu the Skirmisher, a novice OgBe of Trog (D:4)
  2 manticores
  5 salamanders
  Joseph (D:7)
  A stone giant skeleton (D:15)
  13 black mambas
  19 spiny frogs
  12 elephants
  6 naga magi
  6 centaur skeletons
  3 kobold demonologists
  4 gargoyles
  5 swamp worm zombies (Swamp:4)
  7 komodo dragons
  A yaktaur zombie (D:15)
  A rime drake (shapeshifter) (D:15)
  An efreet (D:12)
  3 rime drakes
  A tengu conjurer (D:13)
  4 hydra zombies (Swamp:4)
  8 trolls
  A meliai (shapeshifter) (D:15)
  6 polar bears
  5 hornets
  3 meliai (Gauntlet)
  7 tyrant leeches
  16 bog bodies
  21 slime creatures
  2 spectral swamp dragons
  A harpy skeleton (D:15)
  27 blink frogs
  8 hippogriffs
  3 alligator zombies (Swamp:4)
  23 dream sheep
  A centaur simulacrum (D:10)
  5 wraiths
  4 shadows
  8 wyverns
  5 spriggans
  Sigmund (D:5)
  A vampire (D:15)
  7 basilisks
  36 yaks
  A hog (shapeshifter) (D:13)
  A fire bat (shapeshifter) (D:13)
  21 humans
  3 hungry ghosts
  30 vampire mosquitoes
  Menkaure (D:5)
  28 insubstantial wisps
  17 nagas
  15 swamp worms
  16 water moccasins
  A hell hound (Gauntlet)
  11 swamp drakes
  7 porcupines
  7 black bears
  44 orc warriors
  3 swamp dragon zombies (Swamp:4)
  An eye of draining (shapeshifter) (D:11)
  6 sky beasts
  An eye of draining (D:13)
  3 ice beasts
  3 necrophages
  8 phantoms
  13 ogres
  11 wolves (Lair:6)
  11 centaurs
  11 crocodiles
  5 big kobolds
  12 bullfrogs
  Blork the orc (D:5)
  A gnoll sergeant (Orc:1)
  4 scorpions
  A water moccasin skeleton (D:9)
  9 killer bees
  17 wights
  6 electric eels
  7 howler monkeys
  9 crimson imps
  2 bullfrog zombies
  4 centaur zombies
  3 jellies
  3 quasits
  2 bullfrog skeletons
  26 orc priests
  A gnoll shaman (D:7)
  7 hounds
  Jessica (D:3)
  17 orc wizards
  Natasha (thrice) (D:2)
  6 iguanas
  2 spectral swamp drakes (Swamp:4)
  Ijyb (D:5)
  8 worker ants
  A killer bee zombie (D:6)
  3 worker ant zombies
  8 gnolls
  A howler monkey zombie (D:9)
  12 adders
  A swamp drake zombie (Swamp:4)
  4 shadow imps
  An adder skeleton (D:9)
  An adder zombie (D:8)
  2 worms
  6 dart slugs (D:4)
  3 leopard geckos
  106 orcs
  10 ball pythons
  3 giant cockroaches
  6 goblins
  5 hobgoblins
  5 jackals
  2 quokkas
  3 bats
  6 frilled lizards
  18 kobolds
  2 leopard gecko zombies
  A quokka skeleton (D:4)
  2 rats
  3 fulminant prisms
  3 plants
1105 creatures vanquished.

Vanquished Creatures (others)
  A komodo dragon (Lair:6)
  A tyrant leech (Swamp:4)
  4 blink frogs
  A spriggan (Swamp:4)
  A human (D:15)
  An acid dragon (D:15)
  6 briar patches (Swamp:4)
  A bush (Lair:6)
  177 fulminant prisms
  51 fungi
  52 plants
  A withered plant (D:15)
297 creatures vanquished.

Grand Total: 1402 creatures vanquished

Notes
Turn   | Place    | Note
-------+----------+-------------------------------------------
     0 | D:1      | Skallagrim the Deep Elf Earth Elementalist began the quest
                  | for the Orb.
     0 | D:1      | Reached XP level 1. HP: 10/10 MP: 6/6
   485 | D:1      | Reached XP level 2. HP: 14/15 MP: 8/8
  1312 | D:2      | Reached XP level 3. HP: 14/19 MP: 5/10
  1503 | D:2      | Found a shattered altar of Ashenzari.
  1836 | D:2      | Noticed Natasha
  1839 | D:2      | Killed Natasha
  1839 | D:2      | Reached XP level 4. HP: 16/24 MP: 9/12
  1935 | D:2      | Learned a level 3 spell: Stone Arrow
  2053 | D:2      | Noticed Natasha
  2056 | D:2      | Killed Natasha
  2399 | D:3      | Reached skill level 1 in Conjurations
  2737 | D:3      | Found a sparkling altar of Nemelex Xobeh.
  2776 | D:3      | Noticed Jessica
  2796 | D:3      | Learned a level 4 spell: Petrify
  2802 | D:3      | Killed Jessica
  2802 | D:3      | Reached XP level 5. HP: 28/28 MP: 5/14
  2809 | D:3      | Learned a level 5 spell: Lee's Rapid Deconstruction
  2844 | D:3      | Reached skill level 5 in Spellcasting
  2929 | D:3      | Found a deep blue altar of Sif Muna.
  3029 | D:3      | Found a sacrificial altar of Ru.
  3250 | D:2      | Noticed Natasha
  3256 | D:2      | Killed Natasha
  3398 | D:4      | Noticed a phantom
  3404 | D:4      | Killed a phantom
  3404 | D:4      | Reached skill level 5 in Earth Magic
  3404 | D:4      | Reached XP level 6. HP: 32/32 MP: 5/16
  3680 | D:4      | Found a runed gate.
  3680 | D:4      | Noticed an orc warrior
  3753 | D:4      | Found Puman's Magic Scroll Shop.
  4613 | D:4      | Found a runed gate.
  4613 | D:4      | Found a runed gate.
  4614 | D:4      | Noticed Harunobu's ghost (novice OgBe)
  4734 | D:4      | Reached XP level 7. HP: 25/36 MP: 4/18
  4942 | D:4      | Found a roughly hewn altar of Beogh.
  5023 | D:5      | Entered Level 5 of the Dungeon
  5030 | D:5      | Noticed Ijyb
  5034 | D:5      | Killed Ijyb
  5035 | D:5      | Noticed Blork the orc
  5173 | D:5      | Noticed Sigmund
  5178 | D:5      | Killed Sigmund
  5328 | D:5      | Reached skill level 1 in Shields
  5363 | D:5      | Identified the +5 robe of the Burgomaster {Str+3}
  5751 | D:5      | Killed Blork the orc
  6037 | D:5      | Noticed Menkaure
  6632 | D:6      | Reached XP level 8. HP: 41/41 MP: 13/20
  6701 | D:5      | Killed Menkaure
  6882 | D:6      | Reached skill level 5 in Dodging
  6882 | D:6      | Reached skill level 5 in Conjurations
  7501 | D:6      | Found a staircase to the Ecumenical Temple.
  7507 | Temple   | Entered the Ecumenical Temple
  7596 | Temple   | Became a worshipper of Vehumet
  8299 | D:7      | Found Hueboede's Assorted Antiques.
  8340 | D:7      | Got a slimy helmet
  8359 | D:7      | Identified the cursed +0 helmet of the Original Sin {rF+
                  | MP+9 Str+4} (You found it on level 7 of the Dungeon)
  8439 | D:7      | Noticed Joseph
  8486 | D:7      | Reached XP level 9. HP: 45/45 MP: 14/23
  9093 | D:7      | Killed Joseph
  9281 | D:8      | Cast into level 2 of the Abyss (a distortion unwield)
  9338 | Abyss:2  | Noticed a smoke demon
  9353 | D:8      | Escaped the Abyss
  9386 | D:8      | Reached * piety under Vehumet
  9386 | D:8      | Offered knowledge of Freeze by Vehumet.
  9695 | D:8      | Reached skill level 1 in Fighting
  9787 | D:8      | Reached XP level 10. HP: 25/51 MP: 12/25
 10078 | D:8      | Found a staircase to the Lair.
 10283 | D:8      | Reached skill level 5 in Transmutations
 10630 | D:4      | Killed Harunobu's ghost
 10630 | D:4      | Reached skill level 10 in Spellcasting
 10873 | D:7      | Offered knowledge of Shock by Vehumet.
 10910 | Lair:1   | Entered Level 1 of the Lair of Beasts
 10956 | D:9      | Noticed Erolcha
 10961 | D:9      | Killed Erolcha
 10961 | D:9      | Reached ** piety under Vehumet
 10984 | D:9      | Found a snail-covered altar of Cheibriados.
 11539 | D:9      | Found a glowing golden altar of the Shining One.
 11539 | D:9      | Found an opulent altar of Gozag.
 11850 | D:10     | Entered Level 10 of the Dungeon
 11878 | D:10     | Noticed a gargoyle
 11879 | D:10     | Killed a gargoyle
 12127 | D:10     | Killed an unseen horror
 12127 | D:10     | Offered knowledge of Throw Flame by Vehumet.
 12273 | D:10     | Reached XP level 11. HP: 57/57 MP: 27/27
 12611 | D:10     | Noticed a two-headed ogre
 12614 | D:10     | Killed a two-headed ogre
 12616 | D:10     | Reached *** piety under Vehumet
 12944 | D:10     | Found a staircase to the Orcish Mines.
 13144 | D:10     | Found Tehub's Weapon Shop.
 13510 | D:7      | Bought a sparkling book for 465 gold pieces
 13705 | D:11     | Reached skill level 10 in Earth Magic
 13786 | D:11     | Offered knowledge of Fulminant Prism by Vehumet.
 13792 | D:11     | Learned a level 4 spell: Fulminant Prism
 13794 | D:11     | Noticed a two-headed ogre
 13819 | D:11     | Killed a two-headed ogre
 13819 | D:11     | Reached skill level 1 in Hexes
 14012 | D:11     | Noticed a brown ugly thing
 14021 | D:11     | Noticed a brown ugly thing
 14024 | D:11     | Killed a brown ugly thing
 14186 | D:10     | Reached **** piety under Vehumet
 14418 | D:11     | Noticed a centaur warrior
 14419 | D:11     | Noticed a two-headed ogre
 14430 | D:10     | Killed a centaur warrior
 14796 | D:11     | Killed a brown ugly thing
 14809 | D:11     | Offered knowledge of Mephitic Cloud by Vehumet.
 14815 | D:11     | Learned a level 3 spell: Mephitic Cloud
 14948 | D:11     | Reached XP level 12. HP: 58/65 MP: 30/30
 15054 | D:11     | Reached skill level 10 in Conjurations
 15070 | D:11     | Noticed a two-headed ogre
 15086 | D:11     | Reached skill level 1 in Poison Magic
 15263 | D:11     | Killed a two-headed ogre
 15263 | D:11     | Reached skill level 1 in Air Magic
 15476 | D:11     | Killed a two-headed ogre
 16678 | D:12     | Noticed a seven-headed hydra
 16682 | D:12     | Noticed a tengu warrior
 16910 | D:12     | Got a smoking chain mail
 17178 | D:13     | Noticed a centaur warrior
 17182 | D:13     | Killed a centaur warrior
 17908 | D:13     | Found a runed door.
 18157 | D:13     | Found a runed door.
 18169 | D:13     | Identified the +4 chain mail "Humeurarie" {rN++ Stlth+}
                  | (You found it on level 12 of the Dungeon)
 18278 | D:14     | Reached skill level 5 in Hexes
 18305 | D:14     | Reached ***** piety under Vehumet
 18328 | D:14     | Offered knowledge of Bolt of Magma by Vehumet.
 18355 | D:14     | Reached XP level 13. HP: 54/71 MP: 32/32
 18922 | D:14     | Found a gate to the Vaults.
 18935 | D:14     | Learned a level 5 spell: Bolt of Magma
 19025 | D:14     | Reached skill level 5 in Fighting
 19412 | D:14     | Reached skill level 1 in Fire Magic
 20361 | D:15     | Entered Level 15 of the Dungeon
 21162 | D:15     | Offered knowledge of Freezing Cloud by Vehumet.
 21412 | D:15     | Noticed Kirke
 21417 | D:15     | Killed Kirke
 21508 | D:15     | Found a staircase to the Depths.
 21540 | D:15     | Noticed Nessos
 21543 | D:15     | Reached skill level 10 in Dodging
 21552 | D:15     | Killed Nessos
 21552 | D:15     | Reached skill level 5 in Poison Magic
 21553 | D:15     | Reached XP level 14. HP: 54/77 MP: 1/34
 23116 | D:12     | Reached skill level 15 in Spellcasting
 23360 | D:12     | Got a faintly humming chain mail
 23460 | D:13     | Reached skill level 5 in Air Magic
 24366 | D:13     | Got a warped leather armour
 24369 | D:13     | Identified the Volume of the Vitriolic Glacier
 24614 | D:8      | Identified the +5 chain mail of Card Tricks {rPois Regen+}
                  | (You found it on level 12 of the Dungeon)
 24624 | D:8      | Identified the +0 leather armour of the Wheelwright {rN+
                  | Str+3 Int-2 Stlth+} (You found it on level 13 of the
                  | Dungeon)
 25080 | Lair:1   | Got a faintly glowing robe
 25143 | Lair:1   | Got a bloodstained chain mail
 25747 | Lair:2   | Found a staircase to the Swamp.
 26017 | Lair:2   | Noticed Nergalle
 26027 | Lair:2   | Killed Nergalle
 26298 | Lair:2   | Found a staircase to the Snake Pit.
 26357 | Lair:2   | Learned a level 6 spell: Freezing Cloud
 26415 | Lair:2   | Noticed Fannar
 26431 | Lair:2   | Killed Fannar
 26530 | Lair:2   | Reached skill level 5 in Fire Magic
 26863 | D:8      | Identified the +0 chain mail of Tartarus {rPois rF+ Stlth+}
                  | (You found it on level 1 of the Lair of Beasts)
 26873 | D:8      | Identified the cursed +1 robe "Fawon" {*Drain *Slow Dex+9
                  | Slay+2} (You found it on level 1 of the Lair of Beasts)
 27187 | Lair:3   | Found a gate leading to a gauntlet.
 27193 | Lair:3   | Found a runed door.
 27196 | Gauntlet | Entered a Gauntlet
 27196 | Gauntlet | Found a transporter.
 27200 | Gauntlet | Found a transporter.
 27201 | Gauntlet | Found a transporter.
 27205 | Gauntlet | Found a transporter.
 27212 | Gauntlet | Found a transporter.
 27212 | Gauntlet | Found a transporter.
 27215 | Gauntlet | Found a transporter.
 27218 | Gauntlet | Found a transporter.
 27235 | Gauntlet | Found a transporter.
 27255 | Gauntlet | Found a transporter.
 27259 | Gauntlet | Found a transporter.
 27259 | Gauntlet | Noticed an entropy weaver
 27267 | Gauntlet | Found a transporter.
 27454 | Gauntlet | Got a pair of fine gloves
 27470 | Gauntlet | Identified the cursed +0 pair of gloves of Freedom {-Cast
                  | rC+ MP+9} (You found it in a Gauntlet)
 28019 | Lair:3   | You fall through a shaft for 2 floors!
 28022 | Lair:5   | Found a viscous altar of Jiyva.
 28023 | Lair:5   | Found a staircase to the Slime Pits.
 28612 | Lair:4   | Found a bloodstained altar of Trog.
 28716 | Lair:4   | Noticed Sonja
 28719 | Lair:4   | Killed Sonja
 29024 | Lair:3   | Reached XP level 15. HP: 46/84 MP: 4/36
 29027 | Lair:3   | Reached skill level 1 in Ice Magic
 29654 | Lair:3   | Noticed Neqiobe's ghost (journeyman GrEE)
 29665 | Lair:3   | Killed Neqiobe's ghost
 30353 | Lair:5   | Found a basalt altar of Yredelemnul.
 30687 | Lair:5   | You fall through a shaft!
 30687 | Lair:6   | Entered Level 6 of the Lair of Beasts
 32199 | Lair:6   | Offered knowledge of Iron Shot by Vehumet.
 32854 | Lair:6   | Got a pair of scorched boots
 32877 | Lair:6   | Identified the +2 pair of boots of Xasyrell {rC++ rN+
                  | Int+4} (You found it on level 6 of the Lair of Beasts)
 33063 | Lair:6   | Reached skill level 15 in Conjurations
 33064 | Lair:6   | Reached skill level 5 in Ice Magic
 33661 | D:8      | Identified a scroll of acquirement
 33982 | D:8      | Learned a level 4 spell: Olgreb's Toxic Radiance
 33988 | D:8      | Learned a level 5 spell: Lightning Bolt
 34146 | Orc:1    | Entered Level 1 of the Orcish Mines
 34416 | Orc:1    | Noticed Josephine
 34419 | Orc:1    | Killed Josephine
 34905 | Orc:1    | You fall through a shaft!
 34905 | Orc:2    | Entered Level 2 of the Orcish Mines
 34911 | Orc:2    | Found Juub's Gadget Emporium.
 35091 | Orc:2    | Found a staircase to the Elven Halls.
 35263 | Orc:2    | Reached XP level 16. HP: 92/92 MP: 32/37
 35710 | Orc:2    | Offered knowledge of Poison Arrow by Vehumet.
 36689 | Orc:2    | Found Uquatz's Book Boutique.
 36690 | Orc:2    | Found Mubeydi's General Store.
 36690 | Orc:2    | Found Goigiych's Jewellery Shop.
 36691 | Orc:2    | Found Lovvaka's Weapon Boutique.
 36698 | Orc:2    | Bought a scroll of identify for 26 gold pieces
 37463 | Orc:2    | Bought the amulet of Tuhilot {Faith rPois MR+ Str+2 Int+4
                  | SInv} for 1104 gold pieces
 37756 | Swamp:1  | Entered Level 1 of the Swamp
 38098 | Swamp:1  | Offered knowledge of Spellforged Servitor by Vehumet.
 38178 | Swamp:1  | Noticed a thorn hunter
 38181 | Swamp:1  | Killed a thorn hunter
 39664 | Swamp:2  | Noticed a thorn hunter
 39668 | Swamp:2  | Killed a thorn hunter
 40154 | Swamp:2  | Reached ****** piety under Vehumet
 40187 | Swamp:2  | Found a basalt altar of Yredelemnul.
 40821 | Swamp:3  | Noticed a thorn hunter
 41222 | Swamp:3  | Offered knowledge of Ozocubu's Refrigeration by Vehumet.
 41412 | Swamp:2  | Learned a level 6 spell: Ozocubu's Refrigeration
 42177 | Swamp:3  | Reached XP level 17. HP: 100/100 MP: 30/38
 42664 | Swamp:4  | Entered Level 4 of the Swamp
 45043 | Swamp:4  | Offered knowledge of Conjure Ball Lightning by Vehumet.
 46229 | Swamp:4  | Noticed a bone dragon
 46238 | Swamp:4  | Killed a bone dragon
 46549 | Swamp:4  | Got a decaying rune of Zot
 46934 | Snake:1  | Entered Level 1 of the Snake Pit
 50168 | Snake:2  | Reached skill level 10 in Fighting
 50938 | Snake:3  | Mangled by a black mamba

Vault maps used:
D:1:      minmay_arrival_up_and_down
D:2:      nicolae_ashenzari_panopticon, uniq_natasha
D:3:      old_standard_altar, nemelex_altar_shiori,
          nicolae_ru_sacrificial_ziggurat, uniq_jessica
D:4:      kennysheep_slugbush, biasface_ghost_orc_armoury, serial_shops, shop,
          first_ration, hangedman_abyss_or_decor_lesser_grid,
          minmay_snake_closets
D:5:      uniq_ijyb, uniq_sigmund, uniq_blork_the_orc, uniq_menkaure
D:6:      minmay_temple_entry_enclosed_plants, st_stairs_14, dk_rats_in_the_wall
D:7:      cheibrodos_quashed, serial_shops, kennysheep_mini, the_bakery,
          st_stairs_3, uniq_joseph
D:8:      due_lair_maze_entry_diamond
D:9:      gammafunk_temple_overflow_elements, serial_undead, serial_undead_e,
          serial_undead_e, serial_undead_e, serial_undead_b,
          cheibriados_altar_1, uniq_erolcha
D:10:     orc_david_3, serial_ice, serial_ice_l, serial_ice_h, serial_ice_e,
          serial_ice_n, minmay_hedge_maze, kennysheep_cross_room,
          grunt_ministairs_2, chequers_serial_rivers_micro_c
D:11:     cheibrodos_ideogram_h, minmay_misc_feat_alley
D:12:     minmay_misc_feat_diagonals, onia_ninara_dug_in_and_dangerous
D:13:     cheibrodos_histonic
D:14:     grunt_vaults_entry_tiered, hangedman_decor_clover_reticule,
          grunt_ministairs_7
D:15:     gammafunk_depths_entry_grave, argonaut_gorgonesque, uniq_nessos,
          uniq_kirke
Temple:   regret_index_temple_sphere_string
Lair:2:   minmay_swamp_entry_reptiles, minmay_snake_entry_guardpost_small,
          grunt_megastairs_1, uniq_fannar, uniq_nergalle
Lair:3:   gauntlet_entry_generic, ebering_ghost_reflecting_pool, pond
Lair:4:   basic_altar, serial_bayou_shore_b, grunt_megastairs_2,
          serial_bayou_shore_a, lemuel_fruit_tree, uniq_sonja
Lair:5:   slime_altar_1, basic_altar
Lair:6:   grunt_lair_end_beastmaster, st_stairs_11
Swamp:1:  evilmike_swamp_ruin_house_2, swamp_pool4
Swamp:2:  nicolae_swamp_godswood
Swamp:3:  nicolae_swamp_little_tower
Swamp:4:  swamp_pestilence
Snake:1:  serial_bayou_lake_a
Snake:2:  grunt_ministairs_12, serial_bayou_shore_b
Orc:1:    sword_in_stone, uniq_josephine
Orc:2:    st_orc_pillars, serial_shops, nicolae_shop_competitors_out_of_business
Abyss:2:  evilmike_abyss_exit_6
Gauntlet: minmay_gauntlet_mixed_oops_all_seconds

Skill      XL: |  1  2  3  4  5  6  7  8  9 10 11 12 13 14 15 16 17 |
---------------+----------------------------------------------------+-----
Dodging        | 3 4 5 6 7 8 9 10 11 12 13 14 | 14.0
Spellcasting   | 4 5 6 8 9 10 12 13 14 15 16 | 16.3
Earth Magic    | 4 5 6 7 8 9 10 11 12 13 | 13.3
Conjurations   | 1 2 3 4 5 7 8 9 10 12 13 15 16 | 16.0
Transmutations | 2 3 4 5 6 7 9 |  9.0
Shields        | 1 2 3 4 |  4.0
Fighting       | 1 2 3 4 5 6 8 9 10 | 10.0
Hexes          | 3 5 6 |  6.0
Poison Magic   | 3 5 6 |  6.0
Air Magic      | 2 4 6 7 8 |  8.5
Fire Magic     | 3 5 6 |  6.0
Ice Magic      | 5 7 8 |  8.4
Stealth        | |  2.4

Action                   |  1- 3 |  4- 6 |  7- 9 | 10-12 | 13-15 | 16-18 || total
-------------------------+-------+-------+-------+-------+-------+-------++-------
Melee: Club              |    67 |     1 |       |       |       |       ||    68
       Flail             |       |    38 |   111 |       |       |       ||   149
       War axe           |       |     5 |       |       |       |       ||     5
       Dagger            |       |       |    20 |   219 |       |       ||   239
       Short sword       |       |       |       |    58 |   221 |    28 ||   307
       Staff             |       |       |       |       |    22 |    27 ||    49
 Cast: Sandblast         |    24 |    36 |    69 |    82 |   257 |   219 ||   687
       Stone Arrow       |       |    24 |    41 |   107 |   190 |   201 ||   563
       Petrify           |       |     2 |    16 |    36 |    54 |    79 ||   187
       Lee's Rapid Decon |       |     4 |    28 |   101 |   240 |   208 ||   581
       Fulminant Prism   |       |       |       |    24 |    67 |    89 ||   180
       Bolt of Magma     |       |       |       |       |     7 |       ||     7
       Mephitic Cloud    |       |       |       |       |     3 |       ||     3
       Freezing Cloud    |       |       |       |       |     6 |     3 ||     9
       Lightning Bolt    |       |       |       |       |    14 |    93 ||   107
       Olgreb's Toxic Ra |       |       |       |       |     7 |     3 ||    10
       Ozocubu's Refrige |       |       |       |       |       |     2 ||     2
Evoke: Wand              |       |       |       |       |     6 |       ||     6
  Use: Scroll            |       |       |    11 |     7 |    22 |    11 ||    51
       Potion            |       |       |       |     1 |     6 |     4 ||    11
 Stab: Sleeping          |     3 |     7 |       |     1 |       |       ||    11
       Distracted        |       |     1 |       |       |       |       ||     1
       Petrified         |       |       |    24 |    46 |    22 |    22 ||   114
       Petrifying        |       |       |     2 |     2 |     1 |     2 ||     7
       Confused          |       |       |       |       |     2 |       ||     2
  Eat: Chunk             |     3 |     8 |     7 |    20 |    17 |    16 ||    71
       Ration            |       |     1 |     5 |     6 |    11 |    10 ||    33
Armor: Robe              |    34 |    14 |    55 |    69 |   115 |    90 ||   377
       Skin              |       |       |       |       |    23 |       ||    23
Dodge: Dodged            |    73 |    52 |   138 |   194 |   367 |   316 ||  1140
Block: Buckler           |       |       |    38 |    79 |   178 |   152 ||   447

Table legend:
 A = Non-vault XP
 B = Vault XP
 C = Vault XP percentage of total XP
 D = Non-vault monster count
 E = Vault monster count
 F = Vault count percentage of total count
                 A         B        C        D         E       F
            +---------+---------+-------+---------+---------+-------
      Total |  180193 |   98342 |  35.3 |     759 |     344 |  31.2
            +---------+---------+-------+---------+---------+-------
        D:1 |      18 |       0 |   0.0 |      12 |       0 |   0.0
        D:2 |     134 |      36 |  21.2 |      16 |       1 |   5.9
        D:3 |      68 |      37 |  35.2 |      17 |       1 |   5.6
        D:4 |     392 |     830 |  67.9 |      17 |      28 |  62.2
        D:5 |     377 |     501 |  57.1 |      19 |       4 |  17.4
        D:6 |     666 |       0 |   0.0 |      14 |       0 |   0.0
        D:7 |     881 |     901 |  50.6 |      22 |       5 |  18.5
        D:8 |    1204 |    1353 |  52.9 |      18 |      11 |  37.9
        D:9 |     635 |    1383 |  68.5 |      16 |       8 |  33.3
       D:10 |    5184 |    2276 |  30.5 |      26 |      16 |  38.1
       D:11 |    6437 |    4769 |  42.6 |      45 |      23 |  33.8
       D:12 |    4052 |    4003 |  49.7 |      23 |       7 |  23.3
       D:13 |    3682 |    6067 |  62.2 |      26 |      20 |  43.5
       D:14 |    7537 |    9050 |  54.6 |      26 |      27 |  50.9
       D:15 |    6730 |   11573 |  63.2 |      26 |      17 |  39.5
     Lair:1 |    2762 |     847 |  23.5 |      13 |       2 |  13.3
     Lair:2 |    3374 |    3110 |  48.0 |      15 |      12 |  44.4
     Lair:3 |   11199 |    1836 |  14.1 |      33 |       5 |  13.2
     Lair:4 |     736 |    1421 |  65.9 |       3 |       3 |  50.0
     Lair:5 |   13646 |       0 |   0.0 |      45 |       0 |   0.0
     Lair:6 |   12940 |   10010 |  43.6 |      46 |      20 |  30.3
    Swamp:1 |   17135 |       0 |   0.0 |      47 |       0 |   0.0
    Swamp:2 |   16720 |       0 |   0.0 |      40 |       0 |   0.0
    Swamp:3 |   17713 |     232 |   1.3 |      42 |       1 |   2.3
    Swamp:4 |   10652 |   16665 |  61.0 |      27 |      45 |  62.5
    Snake:1 |   18958 |       0 |   0.0 |      41 |       0 |   0.0
    Snake:2 |    6091 |    2237 |  26.9 |      12 |       4 |  25.0
    Snake:3 |    3832 |       0 |   0.0 |       7 |       0 |   0.0
      Orc:1 |    4965 |    4160 |  45.6 |      44 |      11 |  20.0
      Orc:2 |    1473 |   11787 |  88.9 |      21 |      67 |  76.1
   Gauntlet |       0 |    3258 | 100.0 |       0 |       6 | 100.0
            +---------+---------+-------+---------+---------+-------
